 Dungeon Crawl Stone Soup version 0.31-a0-204-g7da18cac08 (webtiles) character file.

Game seed: 6860053232219072536

476 qw the Skirmisher (level 6, -2/34 (36) HPs)
             Began as a Deep Elf Hunter on June 27, 2023.
             Succumbed to an orc's poison
             ... on level 4 of the Dungeon.
             The game lasted 00:01:06 (2594 turns).

qw the Skirmisher (Deep Elf Hunter)                 Turns: 2594, Time: 00:01:07

HP:   -2/34 (36)    AC:  6    Str: 10    XL:     6   Next: 85%
MP:   8/8           EV: 11    Int: 14    God:
Gold: 147           SH:  0    Dex: 18    Spells: 5/5 levels left

rFire   . . .        Y - +0 shortbow
rCold   . . .        (shield currently unavailable)
rNeg    . . .        g - +0 ring mail
rPois   .            b - +0 helmet
rElec   .            (no cloak)
rCorr   .            (no gloves)
SInv    .            (no boots)
Will    .....        (no amulet)
Stlth   +            (no ring)
HPRegen 0.25/turn    (no ring)
MPRegen 0.11/turn

%: no passive effects
@: lethally poisoned (-2 -> -20), drained
A: no striking features
a: no special abilities


You were on level 4 of the Dungeon.
You visited 1 branch of the dungeon, and saw 4 of its levels.

You collected 147 gold pieces.


   Skills:
 - Level 2.6 Fighting
 - Level 10.0 Ranged Weapons
 + Level 0.1 Armour
 - Level 3.0 Dodging
 - Level 1.2 Stealth


You had 5 spell levels left.
You didn't know any spells.
Your spell library was empty.

Inventory:

Hand Weapons
 Y - a +0 shortbow (weapon)
Armour
 b - a +0 helmet (worn)
 g - a +0 ring mail (worn)
Jewellery
 e - a ring of ice
 k - a ring of resist corrosion
Scrolls
 a - a scroll of identify
Potions
 c - a potion of brilliance {unknown}
 d - a potion of attraction {unknown}
 h - a potion of enlightenment {unknown}
 i - a potion of might {unknown}
 j - a potion of lignification {unknown}

Dungeon Overview and Level Annotations

Branches:
Dungeon (4/15)
 Temple: D:4-7

Altars:

Shops:
D:2 (


Message History

The magic dart hits you.
The orc hits you from afar with a +0 trident.
You shoot an arrow. The arrow hits the orc!
You kill the orc!
You hear some strange, mumbled words.
A magic dart appears from out of thin air!
The magic dart hits you.
The orc throws a poisoned dart.
The poisoned dart hits you!
You are poisoned.
You shoot an arrow.
The arrow hits the orc but does no damage.
You feel very sick. Something hits you.
The orc throws a poisoned dart.
The poisoned dart hits you!
You are more poisoned.
2589 ||| DRINKING potion of heal wounds.
You feel much better.
You feel very sick. Something hits you. The orc barely misses you.
You shoot an arrow. The arrow closely misses the orc.
You feel very sick. Something hits you but does no damage.
The orc throws a poisoned dart.
You shoot an arrow.
You feel very sick. Something hits you but does no damage.
The orc barely misses you.
You shoot an arrow.
The arrow hits the orc but does no damage.
You feel sick.
The orc throws a poisoned dart.
The poisoned dart hits you!
You are lethally poisoned!
You hear some strange, mumbled words.
Something tries to affect you, but you resist.
Something hits you but does no damage.
The orc throws a poisoned dart.
The poisoned dart hits you!
You are more poisoned.
You shoot an arrow. The arrow barely misses the orc.
You feel very sick. Something hits you.
The orc throws a poisoned dart.
You shoot an arrow.
Reactivating autopickup.
You feel a bit more experienced.
You die...

.........# #.##........
.........# #.##..#.....
.........# #.......#...
#.....)########..##.#...
#.....)).........##.#...
#......#########.##.##..
###...### #.##.#..#
#.#...# #....# ##
#(###@# ###### # #)#


ooo ..o.. ......# .......# ........# .........# You could see 4 orcs.

Vanquished Creatures
  A black bear (D:3)
  A centaur (D:4)
  A howler monkey (D:4)
  3 orc priests
  2 orc wizards (D:4)
  Robin (D:2)
  4 adders
  A worm (D:3)
  A dart slug (D:1)
  20 orcs
  6 endoplasms
  5 giant cockroaches
  3 hobgoblins
  3 jackals (D:1)
  6 kobolds
  2 quokkas
  4 ball pythons
  6 bats
  3 frilled lizards
  13 goblins
  3 rats
89 creatures vanquished.

Notes
Turn   | Place    | Note
-------+----------+-------------------------------------------
     0 | D:1      | qw the Deep Elf Hunter began the quest for the Orb.
     0 | D:1      | Reached XP level 1. HP: 12/12 MP: 3/3
     0 | D:1      | 0 ||| qw: Version: 0.3-a-22-g0ed2b0b
     0 | D:1      | 0 ||| qw: Game counter: 6418
     0 | D:1      | 0 ||| qw: Melee chars always use a shield: true
     0 | D:1      | 0 ||| qw: God list: Okawaru
     0 | D:1      | 0 ||| qw: Allow faded altars: false
     0 | D:1      | 0 ||| qw: Do Orc after clearing Dungeon:15 true
     0 | D:1      | 0 ||| qw: Do second Lair branch before Depths: true
     0 | D:1      | 0 ||| qw: Lair rune preference: random
     0 | D:1      | 0 ||| qw: Goals: Normal
     0 | D:1      | 0 ||| PLANNING D:1-11
   304 | D:1      | Reached skill level 6 in Ranged Weapons
   304 | D:1      | Reached XP level 2. HP: 13/16 MP: 4/4
   713 | D:1      | 713 ||| UPGRADING to +0 ring mail.
   723 | D:1      | 723 ||| DROPPING +0 leather armour.
   724 | D:1      | 724 ||| READING 2 scrolls labelled FAYTWOCHAX.
   725 | D:1      | 725 ||| DRINKING 2 silvery potions.
   726 | D:1      | 726 ||| DROPPING scroll of immolation.
   727 | D:1      | 727 ||| DROPPING scroll of butterflies.
   800 | D:2      | Found Fucsei's Antique Weapon Emporium.
   803 | D:2      | Noticed Robin
   814 | D:2      | Killed Robin
   815 | D:2      | Reached XP level 3. HP: 12/20 MP: 5/5
   818 | D:2      | 818 ||| Stepping ~*~*~tactically~*~*~ (outnumbered).
   828 | D:2      | Reached skill level 7 in Ranged Weapons
   888 | D:2      | 888 ||| SHOPLISTING slimy longbow (230 gold, have 78).
   968 | D:2      | Found a faded altar of an unknown god.
  1393 | D:2      | Reached XP level 4. HP: 25/25 MP: 6/6
  1429 | D:2      | 1429 ||| UPGRADING to +0 helmet.
  1434 | D:2      | 1434 ||| READING scroll labelled DIOLIHA LANOD.
  1435 | D:2      | 1435 ||| READING 4 scrolls labelled ZAHUN WAESUDD.
  1436 | D:2      | 1436 ||| READING scroll labelled CORINA HYOR.
  1439 | D:2      | 1439 ||| DROPPING 3 scrolls of poison.
  1493 | D:3      | 1493 ||| STAIRDANCE
  1563 | D:3      | 1563 ||| STAIRDANCE
  1569 | D:2      | Reached skill level 8 in Ranged Weapons
  1653 | D:3      | Reached XP level 5. HP: 19/29 MP: 7/7
  2010 | D:3      | Noticed a black bear
  2021 | D:3      | Killed a black bear
  2022 | D:3      | Reached skill level 9 in Ranged Weapons
  2256 | D:3      | 2256 ||| READING 2 scrolls labelled SOAJYI NELEPOH.
  2257 | D:3      | 2257 ||| READING scroll labelled OCSEAS UDOCERCH.
  2278 | D:4      | Reached XP level 6. HP: 34/34 MP: 8/8
  2501 | D:4      | Reached skill level 10 in Ranged Weapons
  2580 | D:4      | Reached skill level 3 in Dodging
  2588 | D:4      | HP: 8/34 [something (4)]
  2589 | D:4      | 2589 ||| DRINKING potion of heal wounds.
  2593 | D:4      | HP: 6/34 [poisoned by an orc]
  2594 | D:4      | Succumbed to an orc's poison

Levels and vault maps discovered:
D:1:      mrwooster_arrival_statue, layout_basic, chequers_serial_rivers_marsh
D:2:      layout_loops_ring, serial_shops, nicolae_shop_statue_plus,
          shapermc_ecumenical_altar_venn, minmay_ruptured, uniq_robin
D:3:      layout_basic
D:4:      layout_basic, hangedman_decor_opposing

Skill      XL: |  1  2  3  4  5  6 |
---------------+-------------------+-----
Ranged Weapons | 6 7 8 9 10 | 10.0
Fighting       | 2 |  2.6
Dodging        | 3 |  3.0
Armour         | |  0.1
Stealth        | |  1.2

Action                     |  1- 3 |  4- 6 || total
---------------------------+-------+-------++-------
   Fire: Shortbow          |   119 |   166 ||   285
    Use: Scroll            |     1 |     5 ||     6
         Potion            |     1 |     1 ||     2
 Armour: Leather armour    |     7 |       ||     7
         Ring mail         |    14 |    29 ||    43
  Dodge: Dodged            |    54 |    73 ||   127

Table legend:
 A = Non-vault XP
 B = Vault XP
 C = Vault XP percentage of total XP
 D = Non-vault monster count
 E = Vault monster count
 F = Vault count percentage of total count
                 A         B        C        D         E       F
            +---------+---------+-------+---------+---------+-------
      Total |     670 |      41 |   5.8 |      74 |      15 |  16.9
            +---------+---------+-------+---------+---------+-------
        D:1 |      30 |       0 |   0.0 |      17 |       0 |   0.0
        D:2 |      75 |      41 |  35.3 |      13 |      15 |  53.6
        D:3 |     232 |       0 |   0.0 |      22 |       0 |   0.0
        D:4 |     333 |       0 |   0.0 |      22 |       0 |   0.0
            +---------+---------+-------+---------+---------+-------
